 Dungeon Crawl Stone Soup version 0.19.1-1-g22dce08 (webtiles) character file.

350 Mefis the Magician (level 6, -1/35 HPs)
             Began as a Deep Elf Wizard on Jan 1, 2017.
             Was an Initiate of Sif Muna.
             Slain by a phantom (8 damage)
             ... on level 4 of the Dungeon.
             The game lasted 00:09:18 (3996 turns).

Mefis the Magician (Deep Elf Wizard)                Turns: 3996, Time: 00:09:18

Health: -1/35      AC:  2    Str:  4    XL:     6   Next: 33%
Magic:  3/17       EV: 13    Int: 25    God:    Sif Muna [......]
Gold:   218        SH:  0    Dex: 13    Spells: 7 memorised, 1 level left

rFire  . . .     SeeInvis .     g - +0 dagger
rCold  . . .     Gourm    .     a - +0 robe
rNeg   . . .     Faith    .     (no shield)
rPois  .         Spirit   .     b - +0 hat
rElec  .         Reflect  .     (no cloak)
rCorr  .         Harm     .     (no gloves)
MR     .....                    (no boots)
Stlth  +++.......               (no amulet)
                                (no ring)
                                (no ring)

@: very slightly contaminated, repel missiles
A: no striking features
a: Renounce Religion


You were on level 4 of the Dungeon.
You worshipped Sif Muna.
Sif Muna was noncommittal.
You were not hungry.

You visited 2 branches of the dungeon, and saw 5 of its levels.

You collected 218 gold pieces.

Inventory:

Hand Weapons
 g - a +0 dagger (weapon)
 t - a cursed -1 hand axe
Missiles
 e - 20 sling bullets
 p - 12 poisoned needles
Armour
 a - a +0 robe (worn)
 b - a +0 hat (worn)
Wands
 u - a wand of slowing (20/48)
Scrolls
 f - a scroll of immolation {unknown}
 i - 4 scrolls of teleportation {unknown}
 k - 4 scrolls of identify {unknown}
 m - a scroll of blinking {unknown}
 r - a scroll of amnesia {unknown}
Potions
 h - a potion of curing {unknown}
 l - 4 potions of heal wounds {unknown}
 q - 2 potions of brilliance {unknown}
Books
 c - a book of Minor Magic

   Spells                             Type                      Level
   a - Magic Dart                     Conjuration                  1
   b - Blink                          Translocation                2
   c - Call Imp                       Summoning                    2
   d - Repel Missiles                 Charms/Air                   2
   e - Slow                           Hexes                        2
   f - Conjure Flame                  Conjuration/Fire             3
   g - Mephitic Cloud                 Conjuration/Poison/Air       3
 s - a book of Maledictions

   Spells                             Type                      Level
   a - Corona                         Hexes                        1
   b - Ensorcelled Hibernation        Hexes/Ice                    2
   c - Confuse                        Hexes                        3
   d - Tukima's Dance                 Hexes                        3
   e - Dazzling Spray                 Conjuration/Hexes            3
Comestibles
 d - 4 bread rations
 j - a meat ration
 n - a slice of pizza
 o - a beef jerky


   Skills:
 + Level 1.8 Fighting
 + Level 3.6 Dodging
 + Level 4.1 Stealth
 * Level 6.2 Spellcasting
 + Level 2.4 Conjurations
 - Level 1.1 Summonings
 - Level 1.1 Translocations
 + Level 1.6 Air Magic
 + Level 1.6 Poison Magic
 + Level 0.4 Evocations


You had one spell level left.
You knew the following spells:

 Your Spells              Type           Power        Failure   Level  Hunger
a - Magic Dart            Conj           ###.         3%          1    None
b - Call Imp              Summ           ##......     10%         2    None
c - Blink                 Tloc           N/A          10%         2    None
d - Repel Missiles        Chrm/Air       ##....       10%         2    None
e - Mephitic Cloud        Conj/Pois/Air  ###.....     12%         3    None
f - Conjure Flame         Conj/Fire      ##......     14%         3    None
s - Tukima's Dance        Hex            #.......     21%         3    None


Dungeon Overview and Level Annotations

Branches:
Dungeon (4/15)             Temple (1/1) D:4

Altars:
Ashenzari
Cheibriados
Dithmenos
Elyvilon
Fedhas
Gozag
Hepliaklqana
Kikubaaqudgha
Makhleb
Okawaru
Ru
Sif Muna
Trog
Vehumet
Xom
Zin

Annotations:
D:1 destroy glass


Message History

Casting: Magic Dart
Confirm with . or Enter, or press ? or * to list all spells.
Aiming: Magic Dart
Press: ? - help, Shift-Dir - straight line, f/p - phantom
Aim: a phantom (heavily damaged)
You miscast Magic Dart.
The air around you crackles with energy!
The teleport trap disappears.
Your crimson imp disappears!
The phantom barely misses you.
Your white imp hits the phantom.
Your white imp freezes the phantom.
The phantom completely resists.
Casting: Magic Dart
Confirm with . or Enter, or press ? or * to list all spells.
Aiming: Magic Dart
Press: ? - help, Shift-Dir - straight line, f/p - phantom
Aim: a phantom (severely damaged)
The magic dart hits the phantom.
The phantom is severely damaged.
The phantom hits you!
You die...

......#..<.......#.....#
..##..###..###..###.#### ..
#..###..###..###### ..
....+...........(.#
.......#.............#
.......#.............# ..##..
##)########..##
..#######'########..###+#..#
...............ยง@W....'....#
..................5...#....#
............).........# ...#
...........)..........# ..#
..##########..##..##.## ##
..######## #..###+##+#
.........#......
.........#...... ##..##...#
###.


You could see a phantom and a friendly white imp.

Vanquished Creatures
  Natasha (thrice) (D:3)
  2 worker ants (D:4)
  A gnoll (D:4)
  2 adders (D:2)
  5 dart slugs
  4 leopard geckos
  An orc (D:3)
  9 bats
  4 giant cockroaches
  5 goblins (D:2)
  12 hobgoblins
  5 jackals (D:2)
  3 kobolds
  A quokka (D:2)
  7 frilled lizards
  14 rats
78 creatures vanquished.

Vanquished Creatures (collateral kills)
  The ghost of Haldmier the Ruffian, an amateur VSTm of Makhleb (D:4)
  2 gnolls (D:4)
  An ooze (D:1)
  An adder skeleton (D:4)
  A leopard gecko (D:4)
  5 orcs (D:3)
  A goblin (D:3)
12 creatures vanquished.

Vanquished Creatures (others)
  2 dancing weapons (D:4)
2 creatures vanquished.

Grand Total: 92 creatures vanquished

Notes
Turn   | Place    | Note
-------+----------+-------------------------------------------
     0 | D:1      | Mefis the Deep Elf Wizard began the quest for the Orb.
     0 | D:1      | Reached XP level 1. HP: 10/10 MP: 7/7
   269 | D:1      | Reached XP level 2. HP: 14/16 MP: 6/9
   273 | D:1      | Learned a level 2 spell: Call Imp
   276 | D:1      | Learned a level 2 spell: Blink
   279 | D:1      | Learned a level 2 spell: Repel Missiles
   975 | D:1      | Noticed an ogre
   975 | D:1      | Noticed an ogre
   982 | D:1      | Noticed an ogre
   984 | D:1      | Noticed an ogre
  1005 | D:1      | Reached skill level 5 in Spellcasting
  1280 | D:1      | Reached XP level 3. HP: 20/20 MP: 8/11
  1285 | D:1      | Learned a level 3 spell: Mephitic Cloud
  1903 | D:2      | Reached skill level 1 in Fighting
  1908 | D:2      | Reached XP level 4. HP: 25/25 MP: 3/13
  1913 | D:2      | Learned a level 3 spell: Conjure Flame
  2922 | D:3      | Noticed Natasha
  2934 | D:3      | Killed Natasha
  2934 | D:3      | Reached skill level 1 in Air Magic
  2934 | D:3      | Reached skill level 1 in Poison Magic
  2934 | D:3      | Reached XP level 5. HP: 23/29 MP: 2/15
  3004 | D:3      | Noticed Natasha
  3025 | D:3      | Killed Natasha
  3088 | D:3      | Noticed Natasha
  3094 | D:3      | Killed Natasha
  3306 | D:4      | Noticed Haldmier's ghost (amateur VSTm)
  3328 | D:4      | Killed Haldmier's ghost
  3328 | D:4      | Reached XP level 6. HP: 31/35 MP: 5/16
  3333 | D:4      | Learned a level 3 spell: Tukima's Dance
  3584 | D:4      | Reached skill level 6 in Spellcasting
  3615 | D:4      | Found a staircase to the Ecumenical Temple.
  3653 | Temple   | Entered the Ecumenical Temple
  3739 | Temple   | Became a worshipper of Sif Muna the Loreminder
  3996 | D:4      | Slain by a phantom

Skill      XL: |  1  2  3  4  5  6 |
---------------+-------------------+-----
Spellcasting   | 5 6 |  6.2
Stealth        | 3 4 |  4.1
Dodging        | 3 |  3.6
Fighting       | 1 |  1.8
Air Magic      | 1 |  1.6
Poison Magic   | 1 |  1.6
Conjurations   | 2 |  2.4
Summonings     | |  1.1
Translocations | |  1.1
Evocations     | |  0.4

Action                   |  1- 3 |  4- 6 || total
-------------------------+-------+-------++-------
Melee: Dagger            |     5 |    36 ||    41
 Cast: Magic Dart        |   104 |   117 ||   221
       Call Imp          |     1 |    12 ||    13
       Repel Missiles    |     1 |     1 ||     2
       Mephitic Cloud    |       |     3 ||     3
       Tukima's Dance    |       |     3 ||     3
 Stab: Sleeping          |     1 |     4 ||     5
  Eat: Chunk             |     3 |     6 ||     9
Armor: Robe              |     6 |     9 ||    15
Dodge: Dodged            |    27 |    53 ||    80
       Deflected         |       |     3 ||     3
